 Dungeon Crawl Stone Soup version 0.17-a0-1447-g3d113ad (webtiles) character file.

4216 urechis the Grappler (level 10, -8/88 HPs)
             Began as a Troll Monk on June 29, 2015.
             Mangled by Grum
             ... wielding a +1 glaive
              (19 damage)
             ... on level 8 of the Dungeon.
             The game lasted 00:16:18 (5989 turns).

urechis the Grappler (Troll Monk)                   Turns: 5989, Time: 00:16:18

Health: -8/88      AC:  7    Str: 24    XL:     10   Next: 9%
Magic:  15/15      EV: 10    Int:  6    God:
Gold:   251        SH:  0    Dex: 12    Spells: 0 memorised, 9 levels left

rFire  + . .     SeeInvis .       - Unarmed
rCold  . . .     Clarity  +     B - +0 robe
rNeg   . . .     SustAt   .     (no shield)
rPois  .         Gourm    +     (helmet restricted)
rElec  .         Spirit   .     s - +1 cloak {+Inv}
rCorr  .         Warding  .     (gloves unavailable)
rMut   .         Rnd*Tele +     (boots unavailable)
MR     +....                    (no amulet)
Stlth  +.........               J - ring of protection from magic
                                d - ring of teleportation

@: drained, somewhat resistant to hostile enchantments, very unstealthy
A: unfitting armour, claws 3, clarity, deterioration 1, fire resistance 1, fast
metabolism 3, gourmand, sense surroundings 1, regeneration 3, shaggy fur 1, spit
poison 1, tough skin 2, wild magic 1
a: Spit Poison, Evoke Invisibility, Evoke Teleportation


You were on level 8 of the Dungeon.
You were full.

You visited 2 branches of the dungeon, and saw 9 of its levels.

You collected 251 gold pieces.

Inventory:

Hand weapons
 a - a +0 blowgun
Missiles
 A - 41 poisoned needles
Armour
 s - a +1 cloak of invisibility (worn)
 B - a +0 robe (worn)
Jewellery
 d - a ring of teleportation (left claw)
 r - an uncursed ring of protection from cold
 E - an uncursed ring of sustain attributes
 J - a ring of protection from magic (right claw)
Magical devices
 o - a wand of slowing (24)
 q - a wand of digging (12)
 v - a wand of polymorph (7)
 y - a wand of frost (34)
 K - a wand of cold (0)
Scrolls
 c - 2 scrolls of remove curse
 e - 2 scrolls of enchant weapon {unknown}
 k - 4 scrolls of magic mapping
 m - 2 scrolls of recharging {unknown}
 n - 3 scrolls of identify {unknown}
 p - a scroll of silence {unknown}
 t - 2 scrolls of teleportation {unknown}
 u - a scroll of random uselessness {unknown}
 w - a scroll of immolation {unknown}
 F - a scroll of summoning {unknown}
 H - 2 scrolls of enchant armour {unknown}
Potions
 g - 3 potions of curing
 h - a potion of cancellation {unknown}
 i - 3 potions of agility {unknown}
 l - a potion of resistance
 x - a potion of mutation {unknown}
 C - a potion of degeneration {unknown}
 G - a potion of brilliance {unknown}
 I - a potion of heal wounds {unknown}
Comestibles
 b - 7 bread rations
 f - a beef jerky
 j - a slice of pizza
 z - 2 fruits
 D - a meat ration


   Skills:
 - Level 2.4(2.3) Fighting
 - Level 2.4(2.3) Dodging
 - Level 1.1 Stealth
 - Level 10.3 Unarmed Combat
 + Level 8.5 Evocations


You had 9 spell levels left.
You didn't know any spells.

Dungeon Overview and Level Annotations

Branches:
Dungeon (8/15)             Temple (1/1) D:6
   Lair: D:8-11

Altars:
Ashenzari
Cheibriados
Dithmenos
Gozag
Kikubaaqudgha
Makhleb
Nemelex Xobeh
Okawaru
Qazlal
Ru
Sif Muna
Trog
Vehumet
Xom
Yredelemnul
Zin
The Shining One

Shops:
D:5 (   D:7 *

Annotations:
D:8 Grum


Innate Abilities, Weirdness & Mutations

You are too large for most types of armour.
You have claws for hands.
Your metabolism is lightning-fast.
You like to eat raw meat.
You regenerate.
You are covered in fur (AC +1).
You have very tough skin (AC +2).
You possess an exceptional clarity of mind.
Your body sometimes deteriorates upon taking damage.
Your flesh is heat resistant.
You passively map a small area around you.
You can spit weak poison.
Your spells are a little harder to cast, but a little more powerful.


Message History

Grum the Hunter comes into view.
He is wielding an enchanted glaive.
You miss the wolf. The wolf bites you but does no damage. The wolf bites you!
You scratch the wolf.
The wolf begins to bleed from its wounds!
The wolf is moderately wounded.
The wolf closely misses you.
Grum hits you from afar with an enchanted glaive!
The wolf bites you!
* * * LOW HITPOINT WARNING * * *
The wolf bites you.
* * * LOW HITPOINT WARNING * * *
The wolf bites you!
* * * LOW HITPOINT WARNING * * *
The wolf bites you.
* * * LOW HITPOINT WARNING * * *
Drink which item? (? for menu, Esc to quit)
You feel better. The wolf bites you but does no damage.
The wolf bites you but does no damage.
Grum hits you from afar with an enchanted glaive!!
You die...

* .... ####### #### ####....
#.....## #...,..#.....
#.###..#####.#* #....... ..#
#........####....., , **,
#.###...#............h, . , ,
#.......>.##.##...# .,/.., *
#.####.>####....@h##.....
..####.......##..hg.#
.......#########.##.# # #
.#.##### #.##.##.# #, .#
.#...####### #.......# #...###
####.#.....# ####.#######......
.#...#.....#*#.####†#............
.#.#*#.....##....................
(..# #.....###.#####.............


You could see Grum and 2 wolves.

Vanquished Creatures
  The ghost of OrbSeeker the Magician, an experienced DEFE (D:5)
  The ghost of Ajdolov the Twirler, an average GrGl (D:4)
  Sigmund (D:2)
  2 wolves (D:8)
  A hippogriff (D:7)
  Menkaure (D:6)
  An orc warrior (D:7)
  Duvessa (D:4)
  4 ice beasts
  2 ogres
  3 sky beasts
  The ghost of Oddysee the Cudgeler, an average DsAK of Lugonu (D:3)
  A phantom (D:7)
  4 centaurs
  A big kobold (D:8)
  Dowan (D:4)
  A scorpion (D:6)
  4 wights (D:8)
  A giant frog zombie (D:7)
  4 crimson imps
  4 orc priests
  2 hounds
  A giant frog skeleton (D:8)
  Ijyb (D:2)
  12 orc wizards
  A gnoll shaman (D:7)
  Natasha (thrice) (D:4)
  8 worker ants
  9 gnolls
  8 adders
  2 shadow imps
  3 oozes
  An adder skeleton (D:5)
  3 worms
  5 giant geckos
  29 orcs
  3 ball pythons
  10 bats
  A bat skeleton (D:4)
  4 giant cockroaches
  14 goblins
  11 hobgoblins
  4 jackals
  13 kobolds
  6 quokkas
  2 giant gecko skeletons (D:4)
  7 giant newts
  A jackal skeleton (D:3)
  A quokka skeleton (D:6)
  15 rats
220 creatures vanquished.

Notes
Turn   | Place    | Note
--------------------------------------------------------------
     0 | D:1      | urechis the Troll Monk began the quest for the Orb.
     0 | D:1      | Reached XP level 1. HP: 22/22 MP: 0/0
   111 | D:1      | Reached XP level 2. HP: 23/29 MP: 1/1
   646 | D:2      | Noticed Ijyb
   651 | D:2      | Reached skill level 5 in Unarmed Combat
   651 | D:2      | Reached XP level 3. HP: 36/36 MP: 2/2
   657 | D:2      | Killed Ijyb
   773 | D:2      | Reached XP level 4. HP: 39/44 MP: 3/3
   966 | D:2      | Noticed Sigmund
   973 | D:2      | Killed Sigmund
   973 | D:2      | Reached skill level 7 in Unarmed Combat
   973 | D:2      | Reached XP level 5. HP: 34/50 MP: 4/4
   980 | D:2      | Found a radiant altar of Vehumet.
   982 | D:2      | Found an ancient bone altar of Kikubaaqudgha.
   982 | D:2      | Found a deep blue altar of Sif Muna.
   987 | D:2      | Identified Sif Muna's Collected Works on the Entourage
   994 | D:2      | Identified Vehumet's Disquisition on Battle Magic
  1001 | D:2      | Identified Kikubaaqudgha's Handbook of Unholy Rites
  1351 | D:3      | Noticed Oddysee's ghost (average DsAK)
  1367 | D:3      | Killed Oddysee's ghost
  1367 | D:3      | Reached XP level 6. HP: 35/59 MP: 5/5
  1459 | D:3      | Found a snail-covered altar of Cheibriados.
  1651 | D:3      | Reached skill level 8 in Unarmed Combat
  2057 | D:3      | Found a stormy altar of Qazlal.
  2063 | D:3      | Found a sacrificial altar of Ru.
  2141 | D:4      | Noticed Dowan
  2142 | D:4      | Noticed Duvessa
  2160 | D:4      | Killed Duvessa
  2160 | D:4      | Reached XP level 7. HP: 48/66 MP: 6/6
  2190 | D:4      | Killed Dowan
  2250 | D:4      | Found a burning altar of Makhleb.
  2250 | D:4      | Found a glowing silver altar of Zin.
  2250 | D:4      | Noticed an Executioner
  2250 | D:4      | Noticed an angel
  2271 | D:4      | Reached skill level 9 in Unarmed Combat
  2538 | D:4      | Found a snail-covered altar of Cheibriados.
  2560 | D:4      | Noticed Natasha
  2561 | D:4      | Noticed Ajdolov's ghost (average GrGl)
  2562 | D:4      | Killed Natasha
  2571 | D:4      | Killed Ajdolov's ghost
  2571 | D:4      | Reached skill level 10 in Unarmed Combat
  2571 | D:4      | Reached XP level 8. HP: 66/74 MP: 7/7
  2572 | D:4      | Noticed Natasha
  2575 | D:4      | Killed Natasha
  2733 | D:4      | Found a glowing silver altar of Zin.
  2736 | D:4      | Found a burning altar of Makhleb.
  2751 | D:4      | Noticed Natasha
  2760 | D:4      | Killed Natasha
  3098 | D:4      | Found a snail-covered altar of Cheibriados.
  3183 | D:5      | Entered Level 5 of the Dungeon
  3237 | D:5      | Reached skill level 1 in Evocations
  3239 | D:5      | HP: 2/74 [orc wizard/dagger (5)]
  3455 | D:5      | Found Muuc's Weapon Shop.
  3800 | D:5      | Gained mutation: You passively map a small area around you. [mutagenic meat]
  3801 | D:5      | Gained mutation: You can spit weak poison. [mutagenic meat]
  3802 | D:5      | Gained mutation: You regenerate. [mutagenic meat]
  3803 | D:5      | Gained mutation: You possess an exceptional clarity of mind. [mutagenic meat]
  3804 | D:5      | Gained mutation: Your body sometimes deteriorates upon taking damage. [mutagenic meat]
  3819 | D:5      | Noticed OrbSeeker's ghost (experienced DEFE)
  3827 | D:5      | Killed OrbSeeker's ghost
  4015 | D:6      | Found a staircase to the Ecumenical Temple.
  4036 | Temple   | Entered the Ecumenical Temple
  4363 | D:6      | Reached skill level 5 in Evocations
  4363 | D:6      | Reached XP level 9. HP: 50/80 MP: 11/11
  4821 | D:6      | Noticed Menkaure
  4829 | D:6      | Killed Menkaure
  4940 | D:7      | Found Tasatoe's Assorted Antiques.
  5437 | D:7      | Found a sparkling altar of Nemelex Xobeh.
  5883 | D:8      | Reached XP level 10. HP: 88/88 MP: 15/15
  5893 | D:8      | Gained mutation: Your spells are a little harder to cast, but a little more powerful. [mutagenic meat]
  5896 | D:8      | Gained mutation: Your flesh is heat resistant. [mutagenic meat]
  5986 | D:8      | Noticed Grum
  5988 | D:8      | HP: 1/88 [wolf[Grum] (6)]
  5989 | D:8      | Mangled by Grum

Vault maps used:
D:1:      dpeg_arrival_pond, minmay_misc_feat_doors
D:2:      grunt_temple_overflow_magic_moments, first_bread, uniq_iyjb,
          uniq_sigmund
D:3:      lemuel_upstairs_altar, amethyst_overflow_temple_binary,
          lemuel_statue_altar
D:4:      lemuel_doored_altar, grunt_temple_overflow_order_and_chaos_2,
          sigmund_army, uniq_natasha, uniq_duvessa
D:5:      serial_shops, shop
D:6:      minmay_temple_entry_glassed_door, uniq_menkaure
D:7:      nemelex_xobeh_ov_fountains_minmay, serial_shops, shop
D:8:      overflow_temple_1_default, uniq_grum
Temple:   jpeg_temple_alley_garden_8

Action                   |  1- 3 |  4- 6 |  7- 9 | 10-12 || total
-------------------------+-------+-------+-------+-------++-------
Melee: Unarmed           |    75 |   145 |   401 |    17 ||   638
  Use: Scroll            |       |       |     2 |       ||     2
       Potion            |       |       |     1 |     1 ||     2
 Stab: Sleeping          |     1 |     3 |     4 |       ||     8
       Distracted        |       |       |     1 |       ||     1
  Eat: Chunk             |     9 |    13 |    40 |     4 ||    66
